Description

From http://lotv.spawningtool.com/build/46056/ but the timing was (too fast). Adjusted timing to match pig's best timings.

Build Order

Get SALT Encoding   

  12  0:01  Probe (Chrono Boost)  
  13  0:11  Probe (Chrono Boost)  
  14  0:20  Pylon  
  14  0:22  Probe (Chrono Boost)  
  15  0:32  Probe (Chrono Boost)  
  16  0:38  Gateway  
  16  0:41  Assimilator  
  16  0:43  Probe (Chrono Boost)  
  17  1:00  Probe (Chrono Boost)  
  18  1:11  Probe (Chrono Boost)  
  19  1:23  Nexus  
  19  1:25  Probe (Chrono Boost)  
  20  1:37  Probe (Chrono Boost), Cybernetics Core  
  21  1:45  Assimilator  
  21  1:47  Probe (Chrono Boost)  
  21  1:53  Pylon  
  23  2:12  Warp Gate, Adept (Chrono Boost)  
  26  2:29  Twilight Council  
  27  2:36  Adept (Chrono Boost)  
  33  3:00  Adept (Chrono Boost)  
  35  3:05  Resonating Glaives  
  37  3:12  Gateway x2  Chrono Twilight and Cyber
  40  3:26  Adept  
  43  3:31  Pylon  
  44  3:39  Pylon  
  46  3:54  Nexus  
  46  4:02  Mothership Core (Chrono Boost)  
  49  4:09  Adept x3  
  56  4:21  Assimilator x2  
  57  4:26  Robotics Facility  
  57  4:30  Gateway x3  
Spawning Tool Build Advisor. Get it on Overwolf

Go to:

Details

  • Created by: koshr
  • Published on: Mar 05, 2017
  • Modified on: Mar 05, 2017
  • Patch: 3.8.0
Show
View Real Time Build Order
Export as new Build Order

Comments (0)

There are no comments. Be the first!

Create an account to comment!